 Dungeon Crawl Stone Soup version 0.22.1-1-ga44c0e5 (webtiles) character file.

90 Fang the Skirmisher (level 4, 0/43 HPs)
             Began as a Gargoyle Berserker on Oct 23, 2018.
             Was a Believer of Trog.
             Slain by Crazy Yiuf
             ... wielding a +2 quarterstaff of chaos
              (12 damage)
             ... on level 2 of the Dungeon.
             The game lasted 00:01:59 (2277 turns).

Fang the Skirmisher (Gargoyle Berserker)            Turns: 2277, Time: 00:02:00

Health: 0/43       AC:  5    Str: 26    XL:     4   Next: 56%
Magic:  4/4        EV: 12    Int:  8    God:    Trog [**....]
Gold:   83         SH:  0    Dex:  9    Spells: 3/3 levels left

rFire    . . .     SeeInvis .   a - +0 hand axe
rCold    . . .     Gourm    .   (no shield)
rNeg     + . .     Faith    .   b - +0 animal skin
rPois    ∞         Spirit   .   (no helmet)
rElec    +         Reflect  .   (no cloak)
rCorr    .         Harm     .   (no gloves)
MR       .....                  (no boots)
Stlth    ..........             (no amulet)
HPRegen  0.14/turn              (no ring)
MPRegen  0.09/turn              (no ring)

@: berserking, very quick
A: negative energy resistance 1, electricity resistance, unbreathing,
petrification resistance, rot immunity, AC +3
a: Berserk, Trog's Hand, Renounce Religion


You were on level 2 of the Dungeon.
You worshipped Trog.
Trog was pleased with you.
You were very hungry.

You visited 1 branch of the dungeon, and saw 2 of its levels.

You collected 83 gold pieces.

Inventory:

Hand Weapons
 a - a +0 hand axe (weapon)
Armour
 b - a +0 animal skin (worn)
Jewellery
 h - an uncursed ring of protection from fire {unknown}
Scrolls
 d - 4 scrolls of identify {unknown}
 g - 3 scrolls of fog {unknown}
 j - a scroll of amnesia {unknown}
Potions
 e - a potion of invisibility {unknown}
 f - 2 potions of lignification {unknown}
 i - a potion of degeneration {unknown}
 l - a potion of agility {unknown}
Comestibles
 c - 3 rations


   Skills:
 + Level 4.1 Fighting
 + Level 3.7 Axes
 + Level 2.4 Armour
 + Level 2.1 Dodging


You had 3 spell levels left.
You didn't know any spells.
Your spell library was empty.

Dungeon Overview and Level Annotations

Branches:
Dungeon (2/15)

Altars:

Annotations:
D:2 Crazy Yiuf


Innate Abilities, Weirdness & Mutations

You are resistant to torment.
Your stone body is resilient. (AC +3)
You are immune to poison.
You resist negative energy. (rN+)
You are resistant to electric shocks. (rElec)
You can survive without breathing.
You are immune to petrification.
You are immune to rotting.


Message History

You are too injured to fight recklessly!
You are too injured to fight recklessly!
You are too injured to fight recklessly!
You are too injured to fight recklessly!
You are too injured to fight recklessly!
You are too injured to fight recklessly!
You are too injured to fight recklessly!
You are too injured to fight recklessly!
You are too injured to fight recklessly!
You slash Crazy Yiuf!
Crazy Yiuf is heavily wounded.
Crazy Yiuf hits you with a quarterstaff of chaos!
Crazy Yiuf freezes you.
* * * LOW HITPOINT WARNING * * *
You barely miss Crazy Yiuf.
Crazy Yiuf is heavily wounded.
You hit Crazy Yiuf.
Crazy Yiuf is severely wounded.
Crazy Yiuf hits you with a quarterstaff of chaos!
You die...

###### .....# ####.# #.#
#.# #### ♣♣#### #<# #)..#♣♣
♣♣....## #÷#
#..g@.♣♣♣♣......# #.#
#...#♣..♣.......# #.# ####
♣♣♣.♣....#.# ####.######
♣♣♣♣♣##..# ..........# #.##
.....######### ##.# .....#
#.# ### #..# .....# #.#
##.## ##.##
.....#######.###...#####..#


You could see Crazy Yiuf.

Vanquished Creatures
  3 adders (D:2)
  2 worms (D:2)
  A leopard gecko (D:2)
  6 bats
  5 giant cockroaches
  6 goblins
  10 hobgoblins
  6 jackals
  2 kobolds (D:1)
  A ball python (D:2)
  2 frilled lizards (D:2)
  3 rats (D:1)
47 creatures vanquished.

Vanquished Creatures (others)
  A kobold (D:2)
  A frilled lizard (D:2)
2 creatures vanquished.

Grand Total: 49 creatures vanquished

Notes
Turn   | Place    | Note
-------+----------+-------------------------------------------
     0 | D:1      | Fang the Gargoyle Berserker began the quest for the Orb.
     0 | D:1      | Reached XP level 1. HP: 14/14 MP: 1/1
   107 | D:1      | Reached XP level 2. HP: 13/19 MP: 2/2
   450 | D:1      | Reached XP level 3. HP: 20/24 MP: 3/3
   839 | D:2      | Reached ** piety under Trog
  1268 | D:2      | Reached skill level 4 in Fighting
  1307 | D:2      | Reached XP level 4. HP: 24/29 MP: 4/4
  1601 | D:2      | Found a runed door.
  2269 | D:2      | Noticed Crazy Yiuf
  2277 | D:2      | Slain by Crazy Yiuf

Skill      XL: |  1  2  3  4 |
---------------+-------------+-----
Axes           | 3 |  3.7
Fighting       | 4 |  4.1
Dodging        | 2 |  2.1
Armour         | |  2.4

Action                   |  1- 3 |  4- 6 || total
-------------------------+-------+-------++-------
Melee: Hand axe          |   140 |    56 ||   196
Invok: Berserk           |     2 |     2 ||     4
  Eat: Chunk             |     3 |     4 ||     7
Armor: Animal skin       |    57 |    17 ||    74
Dodge: Dodged            |   109 |    32 ||   141
